 Dungeon Crawl Stone Soup version 0.23.2-33-g5129a83184 (webtiles) character file.

Game seed: 7346639143595279120

179 H0rd4k the Charlatan (level 5, 0/38 HPs)
             Began as a Human Artificer on Aug 1, 2019.
             Slain by a howler monkey (6 damage)
             ... on level 4 of the Dungeon.
             The game lasted 00:04:34 (4238 turns).

H0rd4k the Charlatan (Human Artificer)              Turns: 4238, Time: 00:04:35

Health: 0/38       AC:  3    Str: 13    XL:     5   Next: 90%
Magic:  7/7        EV: 12    Int: 12    God:
Gold:   131        SH:  0    Dex: 13    Spells: 4/4 levels left

rFire    . . .     SeeInvis .   a - +0 short sword
rCold    . . .     Gourm    .   (no shield)
rNeg     . . .     Faith    .   b - +0 leather armour
rPois    .         Spirit   .   (no helmet)
rElec    .         Reflect  .   (no cloak)
rCorr    .         Harm     .   (no gloves)
MR       .....                  (no boots)
Stlth    ++........             g - amulet of rage
HPRegen  0.12/turn              (no ring)
MPRegen  0.10/turn              (no ring)

@: no status effects
A: no striking features
a: Evoke Berserk Rage


You were on level 4 of the Dungeon.
You were not hungry.

You visited 1 branch of the dungeon, and saw 4 of its levels.

You collected 131 gold pieces.

Inventory:

Hand Weapons
 a - a +0 short sword (weapon)
Missiles
 t - 3 tomahawks (quivered)
Armour
 b - a +0 leather armour (worn)
Jewellery
 g - an amulet of rage (around neck)
 i - an uncursed amulet of the gourmand
Wands
 d - a wand of enslavement (15)
 e - a wand of random effects (13)
Scrolls
 j - 3 scrolls of amnesia {unknown}
 k - 2 scrolls of teleportation {unknown}
 m - 2 scrolls of enchant weapon {unknown}
 n - a scroll of fear {unknown}
 o - 3 scrolls of enchant armour {unknown}
 q - a scroll of identify {unknown}
Potions
 h - a potion of degeneration
 l - a potion of ambrosia {unknown}
 p - a potion of resistance
 r - a potion of curing {unknown}
 s - a potion of haste
 u - a potion of heal wounds
Comestibles
 c - 3 chunks of flesh
 f - 4 rations


   Skills:
 + Level 2.1 Fighting
 + Level 2.4 Short Blades
 + Level 2.5 Armour
 + Level 3.0 Dodging
 + Level 1.4 Stealth
 + Level 3.4 Evocations


You had 4 spell levels left.
You didn't know any spells.
Your spell library contained the following spells:

 Spells                   Type           Power        Failure   Level  Hunger
 Animate Skeleton         Necr           N/A          38%         1    ##.....
 Apportation              Tloc           #.....       38%         1    ##.....
 Confusing Touch          Hex            #.....       38%         1    ##.....
 Summon Small Mammal      Summ           #...         38%         1    ##.....


Dungeon Overview and Level Annotations

Branches:
Dungeon (4/15)
 Temple: D:4-7

Altars:
Fedhas


Message History

The howler monkey is heavily wounded.
The howler monkey hits you.
You barely miss the howler monkey.
The howler monkey is heavily wounded.
The howler monkey hits you but does no damage.
You hit the howler monkey.
The howler monkey is severely wounded.
The howler monkey hits you. The howler monkey hits you!
You hit the howler monkey.
The howler monkey is almost dead.
The howler monkey hits you.
* * * LOW HITPOINT WARNING * * *
You closely miss the howler monkey.
The howler monkey is almost dead.
The howler monkey hits you.
* * * LOW HITPOINT WARNING * * *
You barely miss the howler monkey.
The howler monkey is almost dead.
The howler monkey hits you.
You die...

####.....>......$.#
##................#
...............h.##
..o.##..........##
.<.o##.........##
##o..........o##
####.........#
#####.....#######
#).....h@...#
##..#######......
###...# #####
##.....# ##......#
##.......#
#........#
#........#
#........#


You could see a howler monkey.

Vanquished Creatures
  7 adders
  3 gnolls (D:2)
  An ooze (D:2)
  2 worms
  A dart slug (D:1)
  2 leopard geckos
  4 orcs
  4 bats
  4 giant cockroaches
  8 goblins
  5 hobgoblins
  10 jackals
  A quokka (D:3)
  2 ball pythons
  5 frilled lizards
  5 kobolds
  6 rats
70 creatures vanquished.

Notes
Turn   | Place    | Note
-------+----------+-------------------------------------------
     0 | D:1      | H0rd4k the Human Artificer began the quest for the Orb.
     0 | D:1      | Reached XP level 1. HP: 15/15 MP: 3/3
   207 | D:1      | Reached XP level 2. HP: 15/21 MP: 4/4
   795 | D:1      | Reached XP level 3. HP: 21/26 MP: 5/5
  1575 | D:2      | Reached skill level 1 in Armour
  1608 | D:2      | Reached XP level 4. HP: 8/32 MP: 6/6
  1869 | D:2      | Reached XP level 5. HP: 10/38 MP: 7/7
  2595 | D:3      | Found a faded altar of an unknown god.
  3540 | D:3      | Found a blossoming altar of Fedhas.
  4238 | D:4      | Slain by a howler monkey

Skill      XL: |  1  2  3  4  5 |
---------------+----------------+-----
Armour         | 1 2 |  2.5
Short Blades   | 2 |  2.4
Fighting       | 2 |  2.1
Dodging        | 3 |  3.0
Stealth        | |  1.4
Evocations     | |  3.4

Action                   |  1- 3 |  4- 6 || total
-------------------------+-------+-------++-------
Melee: Short sword       |   136 |   256 ||   392
Evoke: Wand              |     3 |    14 ||    17
  Use: Potion            |       |     6 ||     6
 Stab: Sleeping          |     2 |     5 ||     7
  Eat: Chunk             |     2 |     9 ||    11
Armor: Leather armour    |    56 |    46 ||   102
Dodge: Dodged            |   106 |   145 ||   251
